 Dungeon Crawl Stone Soup version 0.29-a0-620-g13ace881f2 (webtiles) character file.

Game seed: 18087871826414686386

53 lesaewzxc the Vexing (level 4, -6/26 HPs)
             Began as a Kobold Arcane Marksman on June 17, 2022.
             Was an Initiate of Ru.
             Mangled by a gnoll
             ... wielding a +0 flail
              (11 damage)
             ... on level 4 of the Dungeon on June 18, 2022.
             The game lasted 00:15:00 (1571 turns).

lesaewzxc the Vexing (Kobold Arcane Marksman)       Turns: 1571, Time: 00:15:00

Health: -6/26      AC:  2    Str:  9    XL:     4   Next: 10%
Magic:  2/6        EV: 15    Int: 14    God:    Ru [......]
Gold:   134        SH:  0    Dex: 15    Spells: 5/6 levels left

rFire   . . .      SeeInvis .   e - +2 whip (venom)
rCold   . . .      Faith    .   (no shield)
rNeg    . . .      Spirit   .   b - +0 robe
rPois   .          Reflect  .   (no helmet)
rElec   .          Harm     .   (no cloak)
rCorr   .          Rampage  .   (no gloves)
Will    .....                   (no boots)
Stlth   ++........              (no amulet)
HPRegen 0.08/turn               (no ring)
MPRegen 0.10/turn               (no ring)

@: mighty, very slightly contaminated
A: small, no large weapons, nightstalker 3
a: Renounce Religion, Sacrifice Health, Sacrifice a Hand, Sacrifice Durability,
Reject Sacrifices


You were on level 4 of the Dungeon.
You worshipped Ru.
Ru was noncommittal.
You visited 1 branch of the dungeon, and saw 3 of its levels.

You collected 134 gold pieces.

Inventory:

Hand Weapons
 a - a +0 hand crossbow
 e - a +2 whip of venom (weapon)
Armour
 b - a +0 robe (worn)
Magical Staves
 h - a staff of poison
Wands
 f - a wand of mindburst (17)
Scrolls
 c - 2 scrolls of vulnerability
Potions
 d - a potion of attraction
 g - a potion of berserk rage {unknown}
 j - 2 potions of might


   Skills:
 * Level 2.1 Fighting
 * Level 1.4 Maces & Flails
 - Level 2.6 Crossbows
 + Level 0.7 Armour
 + Level 2.8 Dodging
 + Level 1.5 Spellcasting
 - Level 3.0 Hexes
 * Level 0.5 Air Magic


You had 5 spell levels left.
You knew the following spells:

 Your Spells              Type           Power      Damage    Failure   Level
a - Slow                  Hex            36%        N/A       8%          1

Your spell library contained the following spells:

 Spells                   Type           Power      Damage    Failure   Level
 Ensorcelled Hibernation  Hex/Ice        10%        N/A       21%         2
 Shock                    Conj/Air       4%         1d3       22%         1
 Passwall                 Tmut/Erth      0%         N/A       36%         2
 Inner Flame              Hex/Fire       5%         N/A       38%         3
 Portal Projectile        Hex/Tloc       10%        N/A       38%         3
 Swiftness                Air            2%         N/A       52%         3
 Cause Fear               Hex            4%         N/A       58%         4
 Airstrike                Air            1%         N/A       90%         4


Dungeon Overview and Level Annotations

Branches:
Dungeon (2/15)

Altars:
Ru

Shops:
D:2 [   D:4 :


Innate Abilities, Weirdness & Mutations

You are small and have problems with some larger weapons.
You are completely attuned to the shadows.


Message History

The kobold hits you with a +0 vampiric short sword.
Aiming: Slow (safe; 8% risk of failure)
Press: ? - help, Q - select action, (/) - cycle Shift-Dir - straight line, f - gnoll
Aim: a gnoll, wielding a +0 flail (chance to affect: 55%)
You miscast Slow.
You are very lightly contaminated with residual magic.
Nothing appears to happen.
The kobold hits you but does no damage.
You hit the kobold but do no damage.
The kobold is poisoned.
The kobold misses you.
You closely miss the kobold.
The kobold hits you with a +0 vampiric short sword.
The kobold draws strength from your wounds!
The gnoll misses you.
You hit the kobold.
You kill the kobold!
The gnoll hits you with a +0 flail.
Aiming: Slow (safe; 8% risk of failure)
Press: ? - help, Q - select action, (/) - cycle Shift-Dir - straight line, f/p - gnoll
Aim: a gnoll, wielding a +0 flail (chance to affect: 55%)
The gnoll resists with significant effort.
The gnoll misses you.
Aiming: Slow (safe; 8% risk of failure)
Press: ? - help, Q - select action, (/) - cycle Shift-Dir - straight line, f/p - gnoll
Aim: a gnoll, wielding a +0 flail (chance to affect: 55%)
The gnoll resists with significant effort.
The gnoll closely misses you.
Aiming: Slow (safe; 8% risk of failure)
Press: ? - help, Q - select action, (/) - cycle Shift-Dir - straight line, f/p - gnoll
Aim: a gnoll, wielding a +0 flail (chance to affect: 55%)
You miscast Slow.
Nothing appears to happen.
The gnoll hits you with a +0 flail!
* * * LOW HITPOINT WARNING * * *
A gnoll comes into view. It is wielding a +0 spear.
You feel better. The gnoll hits you with a +0 flail!
* * * LOW HITPOINT WARNING * * *
A gnoll comes into view. It is wielding a +0 spear.
You feel very mighty all of a sudden. The gnoll hits you with a +0 flail!
You die...

g.. .g######
##.##...#
.##.)g....##
..'.@.......
>##.........
#.........
#.......##
#.......#
#|......#
#.......#
######.......#
#.......####


You could see 3 gnolls.

Vanquished Creatures
  An iguana (D:4)
  A worm (D:2)
  A bat (D:2)
  2 endoplasms
  A giant cockroach (D:2)
  4 goblins
  3 hobgoblins
  3 quokkas
  3 ball pythons
  A kobold (D:4)
  2 rats (D:2)
22 creatures vanquished.

Notes
Turn   | Place    | Note
-------+----------+-------------------------------------------
     0 | D:1      | lesaewzxc the Kobold Arcane Marksman began the quest for
                  | the Orb.
     0 | D:1      | Reached XP level 1. HP: 12/12 MP: 2/2
     2 | D:1      | Noticed a draconian
     4 | D:1      | Noticed an elf
     4 | D:1      | Noticed a naga
     6 | D:1      | Noticed a tengu
    15 | D:1      | Noticed a felid
    15 | D:1      | Noticed a demonspawn
    17 | D:1      | Noticed a human
    19 | D:1      | Noticed a formicid
    19 | D:1      | Noticed a ghoul
    21 | D:1      | Noticed a demigod
    23 | D:1      | Noticed a troll
    23 | D:1      | Noticed a vine stalker
    25 | D:1      | Noticed an octopode
    25 | D:1      | Noticed an ogre
    27 | D:1      | Noticed a spriggan
    27 | D:1      | Noticed a gargoyle
    29 | D:1      | Noticed a vampire
    29 | D:1      | Noticed a merfolk
    33 | D:1      | Noticed a minotaur
    49 | D:1      | Noticed a dwarf
   126 | D:1      | Found a faded altar of an unknown god.
   156 | D:1      | Prayed at the altar of an unknown god.
   156 | D:1      | Became a worshipper of Ru the Awakened
   476 | D:1      | Reached XP level 2. HP: 13/16 MP: 3/3
  1003 | D:2      | Reached skill level 1 in Maces & Flails
  1017 | D:2      | Reached XP level 3. HP: 20/21 MP: 4/4
  1048 | D:2      | Upgraded the game from 0.29-a0-617-g7a6b98fccd to
                  | 0.29-a0-620-g13ace881f2
  1139 | D:2      | Found Ametuwoi's Armour Shop.
  1174 | D:2      | You fall into a shaft and drop 2 floors!
  1203 | D:4      | Reached XP level 4. HP: 14/26 MP: 4/6
  1426 | D:4      | Found Lyumuf's Book Boutique.
  1571 | D:4      | Mangled by a gnoll

Illustrated notes

Levels and vault maps discovered:
D:1:      kb_arrival_jail, layout_loops_ring, ebering_ecumenical_altar_webs
D:2:      layout_rooms, serial_shops, nicolae_shop_crystal
D:4:      layout_basic, minmay_overflow_temple_star_quad, serial_shops,
          shop_fountains, hangedman_decor_opposing

Skill      XL: |  1  2  3 |
---------------+----------+-----
Maces & Flails | 1 |  1.4
Fighting       | 2 |  2.1
Crossbows      | |  2.6
Armour         | |  0.7
Dodging        | |  2.8
Spellcasting   | |  1.5
Hexes          | |  3.0
Air Magic      | |  0.5

Action                   |  1- 3 |  4- 6 || total
-------------------------+-------+-------++-------
Melee: Whip              |    47 |     6 ||    53
       Punch             |     1 |       ||     1
 Cast: Slow              |     3 |     2 ||     5
  Use: Scroll            |     2 |     2 ||     4
       Potion            |       |     3 ||     3
 Stab: Sleeping          |     6 |     1 ||     7
Armor: Robe              |     3 |     1 ||     4
Dodge: Dodged            |    22 |     4 ||    26

Table legend: (Time is in decaauts)
 A = Elapsed time spent in this place.
 B = Non-inter-level travel time spent in this place.
 C = Inter-level travel time spent in this place.
 D = Time resting spent in this place.
 E = Time spent auto-exploring this place.
 F = Levels seen in this place.
 G = Mean time per level.
                   A        B        C        D        E       F      G
               +--------+--------+--------+--------+--------+-----+--------+
         Total |   1573 |   1538 |     35 |      0 |    547 |   3 |  524.3 |
       Dungeon |   1573 |   1538 |     35 |      0 |    547 |   3 |  524.3 |
               +--------+--------+--------+--------+--------+-----+--------+

Top non-repeatable levels by time:
     D:1: 768 daAuts
     D:2: 408 daAuts
     D:4: 397 daAuts
